 Dungeon Crawl Stone Soup version 0.27-a0-1200-g94dc6ad4cf (webtiles) character file.

Game seed: 12693669421589307505

7445 quinnr the Thaumaturge (level 11, -6/79 HPs)
             Began as a Djinni Ice Elementalist on May 31, 2021.
             Was a Believer of Makhleb.
             Mangled by an orc knight
             ... wielding a +0 glaive
              (17 damage)
             ... in a bailey.
             The game lasted 00:41:01 (13560 turns).

quinnr the Thaumaturge (Djinni Ice Elementalist)   Turns: 13560, Time: 00:41:02

Health: -6/79      AC: 16    Str:  7    XL:     11   Next: 37%
Gold:   498        EV: 15    Int: 20    God:    Makhleb [**....] SH:  0 Dex: 14

rFire    + + .     SeeInvis .   q - +0 whip (freeze)
rCold    x . .     Faith    .   (no shield)
rNeg     + . .     Spirit   .   x - +2 steam dragon scales
rPois    ∞         Reflect  .   (no helmet)
rElec    .         Harm     .   (no cloak)
rCorr    +         Rampage  .   k - +0 pair of gloves
Will     +....                  (boots unavailable)
Stlth    +++.......             (no amulet)
HPRegen  0.23/turn              j - ring of resist corrosion
MPRegen  0.00/turn              G - ring of positive energy

@: ice-armoured, freezing walls, flying
A: sickness immunity, fire resistance 2, cold vulnerability 1, float, innate
caster, hp casting, extra vitality 1
a: Renounce Religion, Minor Destruction


You were in a bailey.
You worshipped Makhleb.
Makhleb was pleased with you.
You visited 2 branches of the dungeon, and saw 10 of its levels.
You also visited: Sewer and Bailey.

You collected 498 gold pieces.

Inventory:

Hand Weapons
 q - a +0 whip of freezing (weapon)
Missiles
 f - a boomerang (quivered)
 g - 213 stones
 z - a curare-tipped dart
 F - 14 poisoned darts
Armour
 a - a +0 robe
 k - a +0 pair of gloves (worn)
 x - +2 steam dragon scales (worn)
Jewellery
 j - a ring of resist corrosion (left hand)
 G - a ring of positive energy (right hand)
 H - a ring of see invisible
Wands
 u - a wand of iceblast (32)
 y - a wand of charming (4)
 A - a wand of mindburst (12)
 E - a wand of acid (4)
 J - a wand of paralysis (7)
 K - a wand of flame (15)
Scrolls
 c - 6 scrolls of teleportation
 e - a scroll of fear {unknown}
 h - a scroll of magic mapping
 m - 2 scrolls of blinking
 w - 2 scrolls of summoning
 B - a scroll of identify
 C - a scroll of immolation
 I - 2 scrolls of acquirement {unknown}
Potions
 b - a potion of invisibility {unknown}
 d - 14 potions of curing
 i - a potion of brilliance
 n - 5 potions of heal wounds
 p - 3 potions of haste
 r - 7 potions of might
 s - a potion of attraction
 v - a potion of experience {unknown}


   Skills:
 - Level 7.5 Fighting
 - Level 7.0 Dodging
 + Level 5.1 Stealth
 - Level 9.0 Spellcasting
 + Level 5.4 Invocations
 - Level 4.0 Evocations


You couldn't memorise any spells.
You knew the following spells:

 Your Spells              Type           Power      Damage    Failure   Level
a - Freeze                Ice            100%       1d11      1%          1
b - Frozen Ramparts       Ice            90%        1d11      1%          3
c - Ozocubu's Armour      Ice            45%        N/A       1%          3
d - Hailstorm             Conj/Ice       45%        3d10      1%          4
e - Metabolic Englaciati  Hex/Ice        22%        N/A       5%          5
f - Sandblast             Erth           90%        2d19      1%          1
g - Passwall              Tmut/Erth      37%        N/A       1%          2
h - Blink                 Tloc           N/A        N/A       1%          2
i - Ignite Poison         Fire/Tmut/Pois 45%        N/A       1%          3
j - Summon Ice Beast      Ice/Summ       45%        N/A       1%          4
Your spell library was empty.

Dungeon Overview and Level Annotations

Branches:
Dungeon (9/15)             Temple (1/1) D:5            Lair (0/6) D:9
  Sewer (visited)          Bailey (1/1)
    Orc: D:9-12

Altars:
Ashenzari
Dithmenos
Elyvilon
Fedhas
Gozag
Kikubaaqudgha
Makhleb
Okawaru
Qazlal
Ru
Sif Muna
Trog
Uskayaw
Vehumet
Wu Jian
Xom
Yredelemnul
Zin
The Shining One

Annotations:
D:8 2 runed translucent doors


Innate Abilities, Weirdness & Mutations

You are immune to sickness and miasma.
You are immune to poison.
Your flesh is very heat resistant. (rF++)
You are vulnerable to cold. (rC-)
You float through the air rather than walking.
You learn spells naturally, not from books.
Your magical power is your life essence.
You have superior vitality. (+4 HP)


Message History

The wall freezes the orc warrior.
The orc warrior hits you with a +0 trident!
Casting: Freeze (safe; 1% risk of failure)
Confirm with . or Enter, or press ? or * to list all spells.
Aiming: Freeze (safe; 1% risk of failure)
Press: ? - help, Shift-Dir - straight line, f/p - orc warrior
Aim: an orc warrior, wielding a +0 trident and wearing a +0 ring mail (heavily wounded, strong, ally target)
You freeze the orc warrior.
The orc warrior is heavily wounded.
Your ice beast hits the orc warrior.
Your ice beast freezes the orc warrior!!
The orc warrior dies!
Makhleb accepts your kill. The orc closely misses you.
Casting: Freeze (safe; 1% risk of failure)
Confirm with . or Enter, or press ? or * to list all spells.
Aiming: Freeze (safe; 1% risk of failure)
Press: ? - help, Shift-Dir - straight line, f - orc warrior
Aim: an orc warrior, wielding a +0 halberd and wearing a +0 scale mail (strong)
You freeze the orc warrior.
The orc warrior is lightly wounded.
Your ice beast completely misses the orc warrior.
The wall freezes the orc knight.
The orc knight hits you from afar with a +0 glaive.
The wall freezes the orc warrior!
The orc warrior hits you with a +0 halberd!!
* * * LOW HITPOINT WARNING * * *
Unknown command.
Casting: Freeze (safe; 1% risk of failure)
Confirm with . or Enter, or press ? or * to list all spells.
Aiming: Freeze (safe; 1% risk of failure)
Press: ? - help, Shift-Dir - straight line, f/p - orc warrior
Aim: an orc warrior, wielding a +0 halberd and wearing a +0 scale mail (severely wounded, strong)
You freeze the orc warrior!
The orc warrior is almost dead.
* * * LOW HITPOINT WARNING * * *
Your ice beast hits the orc knight.
Your ice beast freezes the orc knight!
The wall freezes the orc knight!
The orc knight hits you from afar with a +0 glaive!
You die...

#.......#
#.......#
##.....##
##'''##
#.....#
#.....#
#.....#
#.....#
#@....#
##oo'##
.oY..#
.o.))..#
#.......#
#.......#
#.......#
#o......#


You could see an orc knight (ally target), an orc warrior (strong), an orc
(strong, slow) and a friendly ice beast (summoned).

Vanquished Creatures
  A hydra (D:8)
  Pikel (D:6)
  A manticore (D:7)
  2 unseen horrors
  Maggie (D:6)
  A troll (D:7)
  3 steam dragons
  The ghost of lightspider the Covered, an amateur DsFi of Hepliaklqana (D:5)
  Edmund (D:6)
  4 orc warriors (Bailey)
  2 ice beasts
  2 sky beasts
  2 black bears
  2 necrophages
  3 ogres
  7 centaurs (D:7)
  2 phantoms
  4 lemures (D:6)
  2 bullfrogs
  A gnoll sergeant (D:8)
  3 kobold brigands (Sewer)
  2 wyvern zombies
  4 scorpions
  5 wights (D:8)
  A howler monkey (D:6)
  6 electric eels (D:5)
  A crimson imp (D:3)
  A bullfrog zombie (D:7)
  An orc priest (D:8)
  4 hounds
  2 gnoll shamans
  A centaur skeleton (D:5)
  2 iguanas (D:6)
  3 orc wizards (D:4)
  A killer bee zombie (D:6)
  A hound skeleton (D:5)
  A hound zombie (D:5)
  A howler monkey zombie (D:6)
  A howler monkey skeleton (D:7)
  11 gnolls
  8 adders
  2 river rats (D:3)
  A white imp (D:7)
  An ufetubus (D:5)
  5 worms
  35 orcs
  5 bats
  4 endoplasms
  3 giant cockroaches
  4 goblins
  8 hobgoblins
  9 jackals
  6 quokkas
  11 ball pythons
  A frilled lizard (D:3)
  10 kobolds
  6 rats
214 creatures vanquished.

Vanquished Creatures (collateral kills)
  2 orc warriors (Bailey)
  A killer bee (D:8)
  4 orcs (Bailey)
7 creatures vanquished.

Vanquished Creatures (others)
  15 plants (D:5)
15 creatures vanquished.

Grand Total: 236 creatures vanquished

Notes
Turn   | Place    | Note
-------+----------+-------------------------------------------
     0 | D:1      | quinnr the Djinni Ice Elementalist began the quest for the
                  | Orb.
     0 | D:1      | Reached XP level 1. HP: 15/15 MP: 0/0
   367 | D:1      | Reached XP level 2. HP: 15/22 MP: 0/0
  1150 | D:2      | Reached skill level 1 in Fighting
  1178 | D:2      | Reached XP level 3. HP: 20/27 MP: 0/0
  1178 | D:2      | Learned a level 1 spell: Sandblast
  1599 | D:2      | Found a faded altar of an unknown god.
  2256 | D:3      | Reached skill level 4 in Spellcasting
  2256 | D:3      | Reached XP level 4. HP: 29/33 MP: 0/0
  2410 | D:3      | Found a glowing drain.
  2420 | Sewer    | Entered a sewer
  2662 | Sewer    | Noticed a kobold brigand
  2663 | Sewer    | Noticed a kobold brigand
  2673 | Sewer    | Killed a kobold brigand
  2674 | Sewer    | Reached XP level 5. HP: 21/40 MP: 0/0
  2674 | Sewer    | Learned a level 2 spell: Passwall
  2674 | Sewer    | Killed a kobold brigand
  2675 | Sewer    | Reached XP level 6. HP: 23/47 MP: 0/0
  3910 | D:3      | Found a burning altar of Makhleb.
  3910 | D:3      | Found a shimmering altar of Xom.
  3913 | D:3      | Reached XP level 7. HP: 48/52 MP: 0/0
  3913 | D:3      | Learned a level 2 spell: Blink
  4281 | D:4      | Found a sacrificial altar of Ru.
  4290 | D:4      | Reached skill level 5 in Spellcasting
  4997 | D:5      | Entered Level 5 of the Dungeon
  5008 | D:5      | Reached skill level 6 in Spellcasting
  5008 | D:5      | Reached XP level 8. HP: 47/58 MP: 0/0
  5123 | D:5      | Found a runed translucent door.
  5444 | D:5      | Found a runed translucent door.
  5708 | D:5      | Reached skill level 5 in Fighting
  6131 | D:5      | Found a white marble altar of Elyvilon.
  6151 | D:5      | Noticed lightspider's ghost (amateur DsFi)
  6173 | D:5      | Found a staircase to the Ecumenical Temple.
  6187 | Temple   | Entered the Ecumenical Temple
  6449 | D:3      | Became a worshipper of Makhleb the Destroyer
  6504 | D:5      | quinnr: @?player ghost
  6504 | D:5      | beem: unknown monster: "player ghost"
  6504 | D:5      | quinnr: @?ghost
  6504 | D:5      | beem: ghost (W)
                  | Spd:
    10 | HD: 1    | HP: 1-2
                  | AC/EV: 0/0
                  | | undead, doors, evil, fly, unbreathing
                  | Res: poison+++,
                  | drown, miasma, neg+++, torm, napalm
                  | Vul: holy
                  | XP: 1
                  | | Sz: Medium
                  | Int: human.
  6504 | D:5      | quinnr: ??ghost
  6504 | D:5      | beem: ghost[1/6]: Ghosts get damage, hitpoints,
                  | resistances, speed (not move delay), and spells very
                  | closely based on the former adventurer. All player ghosts
                  | are immune to poison, asphyxiation, torment, and negative
                  | energy.
  7187 | D:5      | Killed lightspider's ghost
  7188 | D:5      | Reached XP level 9. HP: 20/65 MP: 0/0
  7188 | D:5      | Learned a level 3 spell: Ignite Poison
  7439 | D:6      | Found an opulent altar of Gozag.
  7892 | D:6      | Reached skill level 7 in Spellcasting
  8094 | D:6      | Reached skill level 5 in Dodging
  8245 | D:6      | Noticed Maggie
  8252 | D:6      | Killed Maggie
  8284 | D:6      | Noticed Pikel
  8373 | D:6      | Killed Pikel
  8374 | D:6      | Reached skill level 8 in Spellcasting
  8375 | D:6      | quinnr: ??makhleb
  8375 | D:6      | beem: makhleb[1/4]: Makhleb wants kills and provides
                  | hp-for-kills, two conjuration invocations, and two
                  | summoning invocations. Note that Minor Destruction has no
                  | piety cost, so you can use it freely (though it is
                  | hungering); servants are not 100% friendly; and greater
                  | demons are effective against essentially everything.
  8564 | D:6      | Noticed Edmund
  8574 | D:6      | Killed Edmund
  8575 | D:6      | Reached skill level 1 in Invocations
  8581 | D:6      | Reached XP level 10. HP: 61/72 MP: 0/0
  9833 | D:5      | Reached skill level 1 in Evocations
 10186 | D:7      | Reached * piety under Makhleb
 10670 | D:7      | Reached skill level 5 in Invocations
 10957 | D:7      | Noticed a manticore
 10970 | D:7      | Killed an unseen horror
 11170 | D:7      | Killed a manticore
 11565 | D:8      | Noticed a seven-headed hydra
 11575 | D:8      | Killed a seven-headed hydra
 11576 | D:8      | Reached skill level 9 in Spellcasting
 11576 | D:8      | Reached XP level 11. HP: 65/79 MP: 0/0
 11576 | D:8      | Learned a level 4 spell: Summon Ice Beast
 11882 | D:8      | Found a large runed translucent door.
 11882 | D:8      | Found a large runed translucent door.
 12551 | D:8      | Found a glowing golden altar of the Shining One.
 12699 | D:8      | Reached ** piety under Makhleb
 13225 | D:9      | Found a flagged portal.
 13239 | Bailey   | Entered a bailey
 13549 | Bailey   | Noticed an orc knight
 13556 | Bailey   | Reached skill level 5 in Stealth
 13560 | Bailey   | Mangled by an orc knight

Illustrated notes

Levels and vault maps discovered:
D:1:      amcnicky_arrival_flooded_fountain, layout_loops_ring,
          minmay_heptomino_l4
D:2:      layout_rooms, shapermc_ecumenical_altar_gd, basic_altar
D:3:      layout_loops_cross, grunt_temple_overflow_champion_of_chaos,
          gup_sewer_entry_bubbles, minmay_misc_feat_doors
D:4:      layout_rooms, lemuel_doored_altar,
          nicolae_ru_great_annihilating_truth, chequers_jeans,
          minmay_misc_feat_more_columns
D:5:      cheibrodos_two_vegetables, layout_rooms, nicolae_elyvilon_temple_path,
          minmay_temple_entry_arrows, serial_curves, eino_curves_03,
          eino_curves_03, eino_curves_02, eino_curves_01, ebering_ghost_sewer_f
D:6:      layout_layer_cave, lemuel_tele_altar, hangedman_decor_peaks_small,
          uniq_edmund, uniq_maggie, uniq_pikel
D:7:      layout_loops_cross, centaur_isle
D:8:      layout_basic, jmf_multi_god_temple2, old_standard_altar,
          nicolae_tso_swordbearing_angel, st_stairs_4
D:9:      layout_grid_maze, minmay_lair_entry_grove, enter_bailey_8
Temple:   minmay_temple_curvy_loop
Bailey:   bailey_polearm_5, bailey

Skill      XL: |  1  2  3  4  5  6  7  8  9 10 11 |
---------------+----------------------------------+-----
Fighting       | 1 3 4 5 7 |  7.5
Spellcasting   | 4 6 8 9 |  9.0
Dodging        | 3 4 6 7 |  7.0
Stealth        | 2 4 5 |  5.1
Invocations    | 1 5 |  5.4
Evocations     | 4 |  4.0

Action                   |  1- 3 |  4- 6 |  7- 9 | 10-12 || total
-------------------------+-------+-------+-------+-------++-------
Melee: Unarmed           |     3 |     2 |       |       ||     5
       Whip              |       |    15 |    10 |     5 ||    30
Throw: Boomerang         |     9 |       |     6 |     2 ||    17
       Stone             |    10 |       |       |       ||    10
       Dart              |       |       |     2 |       ||     2
 Cast: Freeze            |    43 |    22 |    47 |    25 ||   137
       Frozen Ramparts   |     4 |    17 |    39 |    19 ||    79
       Sandblast         |     4 |     1 |    52 |    76 ||   133
       Ozocubu's Armour  |       |     5 |    19 |    18 ||    42
       Passwall          |       |     1 |       |     2 ||     3
       Metabolic Englaci |       |       |     3 |     4 ||     7
       Hailstorm         |       |       |     2 |     1 ||     3
       Blink             |       |       |     1 |       ||     1
       Ignite Poison     |       |       |     1 |       ||     1
       Summon Ice Beast  |       |       |       |     6 ||     6
Evoke: Wand              |       |       |       |     7 ||     7
  Use: Scroll            |     7 |       |     7 |     6 ||    20
       Potion            |       |       |       |     1 ||     1
 Stab: Sleeping          |       |       |       |     1 ||     1
Armor: Robe              |     8 |    11 |    23 |       ||    42
       Steam dragon scal |       |       |     1 |    49 ||    50
Dodge: Dodged            |    28 |    17 |    49 |    87 ||   181

Table legend: (Time is in decaauts)
 A = Elapsed time spent in this place.
 B = Non-inter-level travel time spent in this place.
 C = Inter-level travel time spent in this place.
 D = Time resting spent in this place.
 E = Time spent auto-exploring this place.
 F = Levels seen in this place.
 G = Mean time per level.
                   A        B        C        D        E       F      G
               +--------+--------+--------+--------+--------+-----+--------+
         Total |  13576 |  13045 |    531 |   3845 |   7144 |  12 | 1131.3 |
       Dungeon |  12013 |  11510 |    503 |   3094 |   6634 |   9 | 1334.8 |
        Temple |    208 |    180 |     28 |      0 |    180 |   1 |  208.0 |
         Sewer |   1033 |   1033 |      0 |    564 |    274 |   1 | 1033.0 |
        Bailey |    320 |    320 |      0 |    187 |     56 |   1 |  320.0 |
               +--------+--------+--------+--------+--------+-----+--------+

Top non-repeatable levels by time:
     D:5: 3103 daAuts
     D:7: 1690 daAuts
     D:6: 1627 daAuts
     D:8: 1359 daAuts
     D:3: 1197 daAuts
     D:4: 1113 daAuts
     D:1: 1107 daAuts
   Sewer: 1033 daAuts
     D:2: 722 daAuts
  Bailey: 320 daAuts
  Temple: 208 daAuts
     D:9: 90 daAuts
